KFZ250 +Stugs

Match 9977691
End
Construct Barracks
Selects Special Operations Battlegroup
Selects M29 Weasel Recon Vehicle
M29 Weasel Recon Vehicle
Riflemen Squad
Riflemen Squad
Riflemen Squad
Infantry Support Center
Selects Smoke Screen
M1918 Browing Automatic Rifles
Survival Training
Construct Motor Pool
Selects SSF Commando Squad
SSF Commando Squad
Riflemen Squad
M1 Anti-tank Gun Team
M1 Anti-tank Gun Team
AI Takeover
T.R. Olvadi
Zuntew...
0
0

Comments sign in to comment!

No comments posted yet!